 Dungeon Crawl Stone Soup version 0.10.4 character file.

24291 MackTheKnife the Severer (level 12, -6/107 HPs)
             Began as a Minotaur Berserker on Dec 31, 2014.
             Was a High Priest of Trog.
             Mangled by a five-headed hydra (9 damage)
             ... on Level 7 of the Lair of Beasts.
             The game lasted 00:48:53 (15020 turns).

MackTheKnife the Severer (Minotaur Berserker)      Turns: 15020, Time: 00:48:53

HP  -6/107       AC 18     Str 23      XL: 12   Next: 76%
MP   4/4         EV 10     Int  7      God: Trog [*****.]
Gold 790         SH  0     Dex 14      Spells:  0 memorised, 11 levels left

Res.Fire  : . . .   See Invis. : .   k - +1,+4 executioner's axe (flame) {god gift}
Res.Cold  : + . .   Warding    : . . F - +3 chain mail {rC+}
Life Prot.: . . .   Conserve   : +   (no shield)
Res.Acid. : . . .   Res.Corr.  : .   b - +1 wizard hat {Int+3}
Res.Poison: +       Clarity    : .   l - +1 cloak
Res.Elec. : .       Spirit.Shd : .   (no gloves)
Sust.Abil.: . .     Stasis     : .   a - +0 pair of boots
Res.Mut.  : .       Ctrl.Telep.: .   h - amulet of conservation
Res.Rott. : .       Levitation : .   B - ring of poison resistance
Saprovore : . . .   Ctrl.Flight: .   q - ring of sustenance

@: somewhat resistant to hostile enchantments, extremely unstealthy
A: retaliatory headbutt, horns 2
a: Burn Spellbooks, Berserk, Trog's Hand, Brothers in Arms, Renounce Religion


You were on level 7 of the Lair of Beasts.
You worshipped Trog.
Trog was exalted by your worship.
You were very hungry.

You visited 3 branches of the dungeon, and saw 18 of its levels.

You collected 770 gold pieces.

Inventory:

Hand weapons
 k - a +1,+4 executioner's axe of flaming (weapon) {god gift}
Armour
 a - a +0 pair of boots (worn)
 b - a +1 wizard hat of intelligence (worn)
 l - a +1 cloak (worn)
 F - a +3 chain mail of cold resistance (worn)
Magical devices
 d - a wand of digging (3)
 A - a wand of fire (2)
 C - a wand of lightning (2)
 M - a wand of cold (11)
Comestibles
 c - 8 bread rations
 m - 6 apples
 u - 5 meat rations
 w - 2 bananas
 z - an apricot
 E - 7 grapes
Scrolls
 j - 2 scrolls of recharging {rechrage}
 s - 3 scrolls of teleportation
 G - a scroll of blinking
 N - a scroll of enchant armour
 O - a scroll of fear
 S - a scroll of magic mapping
Jewellery
 f - a cursed amulet of controlled flight
 h - an amulet of conservation (around neck)
 q - a ring of sustenance (left hand)
 r - an uncursed amulet of resist mutation
 t - an uncursed ring of protection from cold
 B - a ring of poison resistance (right hand)
 H - a +5 ring of strength
Potions
 e - 5 potions of heal wounds
 g - 2 potions of might
 i - 3 potions of speed
 n - 5 potions of restore abilities
 o - 6 potions of curing
 p - 2 potions of brilliance
 D - 2 potions of agility
 J - a potion of levitation
 L - a potion of mutation {unknown}


   Skills:
 - Level 13.2 Fighting
 + Level 16.2 Axes
 - Level 11.8 Maces & Flails
 - Level 10.3 Armour
 - Level 9.1 Dodging


You had 11 spell levels left.
You didn't know any spells.

Dungeon Overview and Level Annotations

Branches:
Dungeon (10/27)            Temple (1/1) D:6             Orc (0/4) D:6
   Lair (7/8) D:9           Swamp (0/5) Lair:3       Shoals (0/5) Lair:4
  Slime (0/6) Lair:6

Altars:
Cheibriados
Elyvilon
Fedhas
Makhleb
Nemelex Xobeh
Okawaru
Sif Muna
Vehumet
Yredelemnul

Shops:
D:5: %

Annotations
D:6 Dowan
D:8 Grum
D:10 exclusion: oklob sapling
Lair:5 exclusion: oklob plant


Innate Abilities, Weirdness & Mutations

You reflexively headbutt those who attack you in melee.
You have a pair of horns on your head.


Message History

The five-headed hydra is severely wounded.
The five-headed hydra barely misses you.
The five-headed hydra bites you!
* * * LOW HITPOINT WARNING * * *
The five-headed hydra bites you.
* * * LOW HITPOINT WARNING * * *
The five-headed hydra bites you but does no damage.
You are too injured to fight blindly!
Unknown command.
You are too injured to fight blindly!
Unknown command.
You completely miss the five-headed hydra.
The five-headed hydra is severely wounded.
The five-headed hydra bites you but does no damage.
The five-headed hydra bites you!
* * * LOW HITPOINT WARNING * * *
The five-headed hydra bites you!
* * * LOW HITPOINT WARNING * * *
The five-headed hydra bites you!
You die...

### #f## ##
#####..##P##
#..####.#f.......#
.......D@.%......##
..................####f
.......P.............f
........P.......P..#..
................#.##
..P....#.........#
.#P####.......#f# .#
##...f.#####
###...###P#


You could see a five-headed hydra.

Vanquished Creatures
  Gastronok (Lair:6)
  3 hydras
  The ghost of Bastard the Severer, a powerful NaBe of Trog (Lair:5)
  Pikel (D:6)
  2 griffons
  Maurice (D:8)
  3 feature mimics
  6 elephants
  6 spiny frogs
  Grinder (D:6)
  2 trolls
  4 humans (D:7)
  2 komodo dragons
  A snapping turtle (Lair:6)
  A wyvern (D:8)
  9 blink frogs
  3 wraiths (D:10)
  A fire drake (Lair:3)
  2 hippogriffs
  3 yaks (Lair:2)
  Edmund (D:7)
  A mottled dragon (D:9)
  5 war dogs (Lair:3)
  An orc warrior (D:10)
  A giant goldfish (Lair:6)
  2 sky beasts
  2 wandering mushrooms (D:10)
  3 centaurs
  3 ogres
  2 ice beasts
  2 human skeletons (D:10)
  10 crocodiles
  A wolf (Lair:6)
  Sigmund (D:3)
  Duvessa (D:6)
  A giant slug (Lair:5)
  11 giant frogs
  A gnoll sergeant (D:10)
  4 water moccasins
  2 agate snails
  Blork the orc (D:7)
  An eye of draining (D:10)
  An electric eel (Lair:6)
  5 wights (D:10)
  A vampire bat (Lair:1)
  A big kobold zombie (D:6)
  3 jellyfish (Lair:6)
  A killer bee zombie (D:9)
  12 killer bees
  2 crimson imps
  A goliath beetle (D:10)
  3 gnoll shamans (D:10)
  A quasit (D:7)
  A big kobold skeleton (D:5)
  7 hounds
  Crazy Yiuf (D:7)
  3 orc priests
  9 iguanas
  4 orc wizards
  A hound skeleton (D:7)
  3 scorpions (D:5)
  6 porcupines
  A worker ant zombie (D:7)
  5 sheep (Lair:6)
  7 worker ants
  4 human zombies (D:10)
  Ijyb (D:6)
  2 worm zombies
  2 jellies
  Terence (D:3)
  2 mummies (D:10)
  16 gnolls
  12 adders
  21 green rats
  A giant centipede zombie (D:10)
  3 giant centipedes
  5 worms
  4 giant mites
  A grey rat (Lair:6)
  A bat skeleton (D:4)
  A bat zombie (D:10)
  A giant eyeball (D:10)
  6 giant geckos
  2 oozes
  24 orcs
  23 bats
  6 giant cockroaches
  17 hobgoblins
  13 jackals
  5 quokkas
  6 giant newts
  18 goblins
  A hobgoblin zombie (D:10)
  A jackal zombie (D:6)
  15 kobolds
  An orc skeleton (D:6)
  24 rats
  A fungus (Lair:3)
  A plant (Lair:6)
431 creatures vanquished.

Vanquished Creatures (collateral kills)
  A griffon (Lair:5)
  An oklob plant (Lair:5)
  4 blink frogs
  A crocodile (Lair:6)
  A sheep (Lair:6)
  4 jellies (Lair:5)
  21 oozes (Lair:5)
  A fungus (Lair:6)
34 creatures vanquished.

Vanquished Creatures (others)
  2 slaves
  An ogre (Lair:5)
  A water moccasin (D:10)
  A gnoll (D:10)
  A giant gecko (Lair:3)
  2 goblins
  A bat (D:7)
  A kobold (D:4)
  A rat skeleton (D:7)
  2 fungi
  12 toadstools
25 creatures vanquished.

Grand Total: 490 creatures vanquished

Notes
Turn   | Place    | Note
--------------------------------------------------------------
     0 | D:1      | MackTheKnife, the Minotaur Berserker, began the quest for the Orb.
     0 | D:1      | Reached XP level 1. HP: 19/19 MP: 0/0
   344 | D:1      | Reached skill level 4 in Fighting
   407 | D:1      | Reached XP level 2. HP: 27/27 MP: 0/0
   474 | D:1      | Reached skill level 1 in Maces & Flails
  1089 | D:2      | Reached XP level 3. HP: 25/33 MP: 1/1
  1276 | D:2      | Acquired Trog's second power
  1625 | D:2      | Reached skill level 5 in Maces & Flails
  1712 | D:3      | Reached XP level 4. HP: 18/40 MP: 1/1
  2084 | D:3      | Noticed Terence
  2088 | D:3      | Killed Terence
  2275 | D:3      | Reached XP level 5. HP: 45/47 MP: 1/1
  2469 | D:3      | Noticed Sigmund
  2475 | D:3      | Killed Sigmund
  2475 | D:3      | Reached skill level 5 in Fighting
  2475 | D:3      | Reached skill level 6 in Maces & Flails
  3029 | D:4      | Reached XP level 6. HP: 23/55 MP: 0/2
  3349 | D:4      | Acquired Trog's third power
  3618 | D:5      | Entered Level 5 of the Dungeon
  3660 | D:5      | Reached skill level 7 in Maces & Flails
  3786 | D:5      | HP: 2/55 [poisoned by a scorpion]
  4094 | D:5      | Reached XP level 7. HP: 61/61 MP: 0/2
  4097 | D:5      | Reached skill level 8 in Maces & Flails
  4196 | D:5      | Found Pnannoq's Food Emporium.
  4619 | D:6      | Found a staircase to the Ecumenical Temple.
  4652 | Temple   | Entered the Ecumenical Temple
  4722 | D:6      | Noticed Ijyb
  4740 | D:6      | Killed Ijyb
  4789 | D:6      | Found a staircase to the Orcish Mines.
  4817 | D:6      | Noticed Duvessa
  4844 | D:6      | Killed Duvessa
  4844 | D:6      | Reached skill level 9 in Maces & Flails
  4986 | D:6      | Noticed Grinder
  4996 | D:6      | Killed Grinder
  4996 | D:6      | Reached skill level 10 in Maces & Flails
  4996 | D:6      | Reached XP level 8. HP: 69/69 MP: 2/2
  5221 | D:6      | Noticed Dowan
  5384 | D:7      | Noticed Pikel
  5395 | D:6      | Killed Pikel
  5457 | D:7      | Your ally freed slave died
  5513 | D:6      | Reached XP level 9. HP: 63/77 MP: 3/3
  5522 | D:6      | Your ally freed slave died
  5799 | D:7      | Found an iron altar of Okawaru.
  5870 | D:7      | Reached skill level 11 in Maces & Flails
  5870 | D:7      | Reached skill level 5 in Armour
  6088 | D:7      | Found a burning altar of Makhleb.
  6188 | D:7      | Noticed Edmund
  6198 | D:7      | Killed Edmund
  6291 | D:7      | Noticed Blork the orc
  6301 | D:7      | Killed Blork the orc
  6412 | D:7      | Noticed Crazy Yiuf
  6416 | D:7      | Killed Crazy Yiuf
  6465 | D:8      | Noticed Maurice
  6465 | D:8      | Noticed Grum
  6501 | D:8      | Found a sparkling altar of Nemelex Xobeh.
  6693 | D:8      | Reached XP level 10. HP: 80/86 MP: 3/3
  6723 | D:8      | Killed Maurice
  7400 | D:9      | Found a snail-covered altar of Cheibriados.
  7449 | D:9      | Reached skill level 10 in Fighting
  8163 | D:9      | Received a gift from Trog
  8202 | D:9      | Reached skill level 5 in Axes
  8229 | D:9      | Found a staircase to the Lair.
  8421 | D:10     | Entered Level 10 of the Dungeon
  8454 | D:10     | Paralysed by a giant eyeball for 3 turns
  8462 | D:10     | Paralysed by a giant eyeball for 3 turns
  9483 | D:10     | Reached skill level 10 in Axes
  9649 | D:10     | Found a basalt altar of Yredelemnul.
  9687 | D:10     | Reached XP level 11. HP: 85/95 MP: 3/3
  9731 | D:10     | Reached XP level 10. HP: 79/89 MP: 2/3
  9900 | D:10     | Reached XP level 11. HP: 61/96 MP: 2/3
  9922 | D:10     | Found a blossoming altar of Fedhas.
  9974 | D:10     | Reached XP level 10. HP: 63/90 MP: 2/3
 10143 | Lair:1   | Entered Level 1 of the Lair of Beasts
 10564 | Lair:1   | Reached skill level 12 in Fighting
 10564 | Lair:1   | Reached XP level 11. HP: 93/97 MP: 3/3
 11058 | Lair:2   | Reached skill level 13 in Fighting
 11360 | Lair:3   | Received a gift from Trog
 11420 | Lair:3   | Reached skill level 5 in Dodging
 11950 | Lair:3   | Found a staircase to the Swamp.
 12560 | Lair:4   | Received a gift from Trog
 12581 | Lair:4   | Reached skill level 10 in Armour
 12719 | Lair:4   | Found a staircase to the Shoals.
 12863 | Lair:4   | Reached XP level 12. HP: 107/107 MP: 4/4
 13202 | Lair:5   | Noticed Bastard's ghost (powerful NaBe)
 13209 | Lair:5   | Killed Bastard's ghost
 14264 | Lair:6   | Reached skill level 14 in Axes
 14525 | Lair:6   | Found a staircase to the Slime Pits.
 14589 | Lair:6   | Noticed Gastronok
 14617 | Lair:6   | Killed Gastronok
 14665 | Lair:6   | Reached skill level 15 in Axes
 14754 | Lair:6   | Found a staircase to the Shoals.
 14763 | Lair:6   | the staircase to the Shoals was a mimic.
 14969 | Lair:7   | Reached skill level 16 in Axes
 14983 | Lair:7   | Received a gift from Trog
 15020 | Lair:7   | HP: 3/107 [five-headed hydra (8)]
 15020 | Lair:7   | Mangled by a five-headed hydra
